PCL
COLORADO SPRINGS SKY SOX @ LAS VEGAS AVIATORS
05/14/2024
 
TOP OF THE 1ST
Colorado Springs Sky Sox batting - Pitching for Las Vegas Aviators : RHP Trey Dillard
Pitching: RHP Trey Dillard
Batting: LHB Larry Holmes 0-0: Ground out 4-3 (Groundball, 4S, EV 87.5 MPH)
Batting: RHB Kwan-yew Yeh 0-0: Ball
1-0: Foul Ball, location: 2F
1-1: Fly out, F4 (Popup, 4, EV 66.9 MPH)
Pitching: RHP Colton Eastman
Batting: LHB Jarred Kelenic 0-0: Fly out, F7 (Flyball, 78M, EV 83.1 MPH)
Top of the 1st over - 0 runs, 0 hits, 0 errors, 0 left on base; Colorado Springs 0 - Las Vegas 0
BOTTOM OF THE 1ST
Las Vegas Aviators batting - Pitching for Colorado Springs Sky Sox : RHP Jayson Schroeder
Pitching: RHP Jayson Schroeder
Batting: RHB Juan De La Torre 0-0: Called Strike
0-1: Ball
1-1: Ball
2-1: Ground out 5-3 (Groundball, 5, EV 87.5 MPH)
Batting: SHB Mike Poor 0-0: Ball
1-0: Called Strike
1-1: Fly out, F8 (Flyball, 78M, EV 90.0 MPH)
Batting: RHB Jonathan Drew 0-0: Called Strike
0-1: Foul Ball, location: 3DF
0-2: Foul Ball, location: 9LSF
0-2: Ground out 6-3 (Groundball, 6M, EV 76.3 MPH)
Bottom of the 1st over - 0 runs, 0 hits, 0 errors, 0 left on base; Colorado Springs 0 - Las Vegas 0
TOP OF THE 2ND
Colorado Springs Sky Sox batting - Pitching for Las Vegas Aviators : RHP Colton Eastman
Batting: RHB Everson Pereira 0-0: Called Strike
0-1: Foul Ball, location: 5DF
0-2: Ball
1-2: Strikes out swinging
Batting: LHB Daniel Cabrera 0-0: Called Strike
0-1: Called Strike
0-2: Hit by Pitch
Batting: RHB Osiris Johnson 0-0: Ball
1-0: Ball
2-0: Ball
3-0: Base on Balls
Daniel Cabrera to second
Batting: LHB Seth Gray 0-0: Called Strike
0-1: Swinging Strike
0-2: Foul Ball, location: 2F
0-2: Ball
1-2: Strikes out swinging
Batting: RHB Bernie Wolfe 0-0: Ball
1-0: Ball
2-0: Ball
3-0: Called Strike
3-1: Foul Ball, location: 9LSF
3-2: Ground out 5-3 (Groundball, 56S, EV 82.5 MPH)
Top of the 2nd over - 0 runs, 0 hits, 0 errors, 2 left on base; Colorado Springs 0 - Las Vegas 0
BOTTOM OF THE 2ND
Las Vegas Aviators batting - Pitching for Colorado Springs Sky Sox : RHP Jayson Schroeder
Batting: SHB Heston Kjerstad 0-0: Called Strike
0-1: Foul Ball, location: 7LMFF
0-2: Foul Ball, location: 2F
0-2: Strikes out swinging
Batting: LHB Jarred West 0-0: Foul Ball, location: 5F
0-1: Swinging Strike
0-2: Foul Ball, location: 2F
0-2: Foul Ball, location: 2F
0-2: Foul Ball, location: 25F
0-2: Fly out, F4 (Line Drive, 34D, EV 65.6 MPH)
Batting: RHB Ken Foster 0-0: Foul Ball, location: 2F
0-1: Called Strike
0-2: Ball
1-2: Foul Ball, location: 2F
1-2: Ball
2-2: Strikes out swinging
Bottom of the 2nd over - 0 runs, 0 hits, 0 errors, 0 left on base; Colorado Springs 0 - Las Vegas 0
TOP OF THE 3RD
Colorado Springs Sky Sox batting - Pitching for Las Vegas Aviators : RHP Colton Eastman
Batting: RHB Evan Hubbard 0-0: Ball
1-0: DOUBLE (Line Drive, 89D, EV 106.9 MPH)
Batting: LHB Larry Holmes 0-0: Ground out 4-3 (Groundball, 4, EV 78.1 MPH)
Evan Hubbard to third
Batting: RHB Kwan-yew Yeh 0-0: Fly out, F7 (Flyball, 78M, EV 94.4 MPH)
Runner from 3rd tags up, SCORES, throw by LF
Batting: LHB Jarred Kelenic 0-0: Fly out, F7 (Flyball, 7LS, EV 93.1 MPH)
Top of the 3rd over - 1 run, 1 hit, 0 errors, 0 left on base; Colorado Springs 1 - Las Vegas 0
BOTTOM OF THE 3RD
Las Vegas Aviators batting - Pitching for Colorado Springs Sky Sox : RHP Jayson Schroeder
Batting: RHB Hunter Goodman 0-0: SOLO HOME RUN (Flyball, 78XD, EV 96.9 MPH), Distance : 403 ft
Batting: LHB Aaron Oberkfel 0-0: Called Strike
0-1: Foul Ball, location: 7LMF
0-2: Strikes out swinging
Batting: RHB Jason Hale 0-0: Called Strike
0-1: Foul Ball, location: 2F
0-2: SINGLE (Flyball, 34D, EV 88.1 MPH)
Batting: RHB Juan De La Torre 0-0: Called Strike
0-1: Ball
1-1: Fly out, F4 (Line Drive, 34, EV 68.1 MPH)
Batting: SHB Mike Poor 0-0: Foul Ball, location: 5F
0-1: Ball
1-1: Ball
2-1: Ball
3-1: Swinging Strike
3-2: Base on Balls
Jason Hale to second
Batting: RHB Jonathan Drew 0-0: Ball
1-0: Called Strike
1-1: Ball
2-1: Fielders Choice at 2nd, 6-4 (Groundball, 6, EV 102.5 MPH)
Bottom of the 3rd over - 1 run, 2 hits, 0 errors, 2 left on base; Colorado Springs 1 - Las Vegas 1
TOP OF THE 4TH
Colorado Springs Sky Sox batting - Pitching for Las Vegas Aviators : RHP Colton Eastman
Batting: RHB Everson Pereira 0-0: Called Strike
0-1: Called Strike
0-2: Ball
1-2: Foul Ball, location: 2RF
1-2: Ground out 4-3 (Groundball, 4, EV 91.9 MPH)
Batting: LHB Daniel Cabrera 0-0: Ball
1-0: Called Strike
1-1: Ball
2-1: Swinging Strike
2-2: Ball
3-2: Foul Ball, location: 2F
3-2: Ground out 4-3 (Groundball, 4, EV 86.9 MPH)
Pitching: LHP Raúl Martínez
Batting: RHB Osiris Johnson 0-0: Called Strike
0-1: Ball
1-1: Foul Ball, location: 2F
1-2: DOUBLE (Flyball, 78XD, EV 101.3 MPH)
Batting: LHB Seth Gray 0-0: Ball
1-0: Ball
2-0: Called Strike
2-1: Ground out 4-3 (Groundball, 4, EV 91.9 MPH)
Top of the 4th over - 0 runs, 1 hit, 0 errors, 1 left on base; Colorado Springs 1 - Las Vegas 1
BOTTOM OF THE 4TH
Las Vegas Aviators batting - Pitching for Colorado Springs Sky Sox : RHP Jayson Schroeder
Batting: SHB Heston Kjerstad 0-0: Hit by Pitch
Batting: LHB Jarred West 0-0: Called Strike
0-1: Called Strike
0-2: Ball
Balk!
Heston Kjerstad to second
1-2: Strikes out swinging
Batting: RHB Ken Foster 0-0: Ball
Wild Pitch!
Heston Kjerstad to third
1-0: Ball
2-0: Called Strike
2-1: Fly out, F8 (Flyball, 8RM, EV 99.4 MPH)
Runner from 3rd tags up, OUT at HOME! 8-2
Bottom of the 4th over - 0 runs, 0 hits, 0 errors, 0 left on base; Colorado Springs 1 - Las Vegas 1
TOP OF THE 5TH
Colorado Springs Sky Sox batting - Pitching for Las Vegas Aviators : LHP Raúl Martínez
Batting: RHB Bernie Wolfe 0-0: Ball
1-0: Ball
2-0: Foul Ball, location: 9LMF
2-1: Ball
3-1: Foul Ball, location: 2F
3-2: Foul Ball, location: 2LF
3-2: Fly out, F9 (Flyball, 89M, EV 80.0 MPH)
Batting: RHB Evan Hubbard 0-0: Foul Ball, location: 2F
0-1: Ball
1-1: Called Strike
1-2: Foul Ball, location: 25FF
1-2: Ground out U3 (Groundball, 3, EV 93.1 MPH)
Batting: LHB Larry Holmes 0-0: SINGLE (Groundball, 4MD, EV 110.6 MPH)
Batting: RHB Kwan-yew Yeh 0-0: Called Strike
0-1: Fielders Choice at 2nd, 6-4 (Groundball, 6, EV 78.1 MPH)
Top of the 5th over - 0 runs, 1 hit, 0 errors, 1 left on base; Colorado Springs 1 - Las Vegas 1
BOTTOM OF THE 5TH
Las Vegas Aviators batting - Pitching for Colorado Springs Sky Sox : RHP Jayson Schroeder
Batting: RHB Hunter Goodman 0-0: Called Strike
0-1: Ball
1-1: Foul Ball, location: 5SF
1-2: Ball
2-2: SOLO HOME RUN (Line Drive, 78XD, EV 108.8 MPH), Distance : 415 ft
Batting: LHB Aaron Oberkfel 0-0: Fly out, F4 (Line Drive, 4, EV 67.5 MPH)
Batting: RHB Jason Hale 0-0: Ball
1-0: Ground out 6-3 (Groundball, 6, EV 81.3 MPH)
Batting: RHB Juan De La Torre 0-0: Ball
1-0: Ball
2-0: Ground out 4-3 (Groundball, 4, EV 81.3 MPH)
Bottom of the 5th over - 1 run, 1 hit, 0 errors, 0 left on base; Colorado Springs 1 - Las Vegas 2
TOP OF THE 6TH
Colorado Springs Sky Sox batting - Pitching for Las Vegas Aviators : LHP Raúl Martínez
Batting: LHB Jarred Kelenic 0-0: Ball
1-0: Ball
2-0: Foul Ball, location: 2F
2-1: Foul Ball, location: 23F
2-2: Strikes out swinging
Batting: RHB Everson Pereira 0-0: Ball
1-0: Called Strike
1-1: Called Strike
1-2: Ball
2-2: Ball
3-2: Foul Ball, location: 2F
3-2: Strikes out swinging
Batting: LHB Daniel Cabrera 0-0: Ball
1-0: Foul Ball, location: 2LF
1-1: Called Strike
1-2: Foul Ball, location: 2LF
1-2: Ball
2-2: Ball
3-2: Ground out 4-3 (Groundball, 4, EV 80.0 MPH)
Top of the 6th over - 0 runs, 0 hits, 0 errors, 0 left on base; Colorado Springs 1 - Las Vegas 2
BOTTOM OF THE 6TH
Las Vegas Aviators batting - Pitching for Colorado Springs Sky Sox : RHP Jayson Schroeder
Batting: SHB Mike Poor 0-0: Called Strike
0-1: Called Strike
0-2: Strikes out swinging
Batting: RHB Jonathan Drew 0-0: Ball
1-0: Foul Ball, location: 2F
1-1: Reached on error, E5 (Groundball, 56, EV 105.0 MPH)
Batting: SHB Heston Kjerstad 0-0: Called Strike
Jonathan Drew steals 2nd base
0-1: Ball
1-1: Ball
2-1: Foul Ball, location: 2F
2-2: Ball
3-2: Base on Balls
Batting: LHB Jarred West 0-0: 3-RUN HOME RUN (Flyball, 89XD, EV 103.8 MPH), Distance : 402 ft
Pitching: RHP Nick Frasso
Batting: RHB Ken Foster 0-0: Called Strike
0-1: Called Strike
0-2: DOUBLE (Line Drive, 8LXD, EV 103.1 MPH)
Batting: RHB Hunter Goodman 0-0: Ball
1-0: Called Strike
1-1: Foul Ball, location: 5FF
1-2: Ball
2-2: Foul Ball, location: 9LDF
2-2: Ball
3-2: Foul Ball, location: 2F
3-2: Strikes out swinging
Batting: LHB Aaron Oberkfel 0-0: Called Strike
0-1: Fly out, F9 (Flyball, 9S, EV 86.3 MPH)
Bottom of the 6th over - 3 runs, 2 hits, 1 error, 1 left on base; Colorado Springs 1 - Las Vegas 5
TOP OF THE 7TH
Colorado Springs Sky Sox batting - Pitching for Las Vegas Aviators : LHP Raúl Martínez
Batting: RHB Osiris Johnson 0-0: Fly out, F8 (Flyball, 8RM, EV 93.1 MPH)
Batting: LHB Seth Gray 0-0: Ball
1-0: Foul Ball, location: 7LMF
1-1: SINGLE (Groundball, 4MD, EV 103.8 MPH)
Batting: RHB Bernie Wolfe 0-0: Called Strike
0-1: Ball
1-1: Foul Ball, location: 2F
1-2: Ball
2-2: Strikes out swinging
Batting: RHB Evan Hubbard 0-0: Called Strike
0-1: Fly out, F8 (Flyball, 8LM, EV 95.6 MPH)
Top of the 7th over - 0 runs, 1 hit, 0 errors, 1 left on base; Colorado Springs 1 - Las Vegas 5
BOTTOM OF THE 7TH
Las Vegas Aviators batting - Pitching for Colorado Springs Sky Sox : RHP Nick Frasso
Batting: RHB Jason Hale 0-0: Ball
1-0: Ball
2-0: Ball
3-0: Foul Ball, location: 5FF
3-1: Base on Balls
Batting: RHB Juan De La Torre 0-0: Ball
1-0: Ball
2-0: Called Strike
2-1: Ball
3-1: Base on Balls
Jason Hale to second
Batting: SHB Mike Poor 0-0: Ball
1-0: Ball
2-0: Ball
3-0: Base on Balls
Jason Hale to third
Juan De La Torre to second
Pitching: RHP Brandon Loudoun
Batting: RHB Jonathan Drew 0-0: Called Strike
0-1: Ball
1-1: Ball
2-1: SINGLE (Line Drive, 78S, EV 108.8 MPH)
Jason Hale scores
Juan De La Torre to third
Mike Poor to second
Batting: SHB Heston Kjerstad 0-0: Ball
1-0: Fly out, F7 (Flyball, 7D, EV 91.9 MPH)
Runner from 3rd tags up, SCORES, no throw by LF
Batting: LHB Jarred West 0-0: Called Strike
0-1: Fly out, F6 (Popup, 6, EV 75.0 MPH)
Batting: RHB Ken Foster 0-0: Swinging Strike
0-1: Ball
1-1: Ball
2-1: Called Strike
2-2: Foul Ball, location: 5FF
2-2: Foul Ball, location: 3F
2-2: Foul Ball, location: 7LSF
2-2: Strikes out looking
Bottom of the 7th over - 2 runs, 1 hit, 0 errors, 2 left on base; Colorado Springs 1 - Las Vegas 7
TOP OF THE 8TH
Colorado Springs Sky Sox batting - Pitching for Las Vegas Aviators : LHP Raúl Martínez
Batting: LHB Larry Holmes 0-0: Ball
1-0: Ball
2-0: Foul Ball, location: 2F
2-1: Fly out, F7 (Flyball, 78D, EV 111.3 MPH)
Batting: RHB Kwan-yew Yeh 0-0: Ball
1-0: Fly out, F9 (Flyball, 9, EV 91.3 MPH)
Batting: LHB Jarred Kelenic 0-0: Swinging Strike
0-1: Foul Ball, location: 7LMF
0-2: Strikes out swinging
Top of the 8th over - 0 runs, 0 hits, 0 errors, 0 left on base; Colorado Springs 1 - Las Vegas 7
BOTTOM OF THE 8TH
Las Vegas Aviators batting - Pitching for Colorado Springs Sky Sox : RHP Brandon Loudoun
Batting: RHB Hunter Goodman 0-0: Ball
1-0: Swinging Strike
1-1: Foul Ball, location: 3F
1-2: Foul Ball, location: 5SF
1-2: Strikes out swinging
Batting: LHB Aaron Oberkfel 0-0: Hit by Pitch
Pitching: RHP Drew Rasmussen
Batting: RHB Jason Hale 0-0: Swinging Strike
0-1: Foul Ball, location: 7LMF
0-2: Strikes out swinging
Batting: RHB Juan De La Torre 0-0: Called Strike
0-1: Called Strike
0-2: Ball
1-2: Foul Ball, location: 2F
1-2: Ground out 6-3 (Groundball, 56, EV 98.8 MPH)
Bottom of the 8th over - 0 runs, 0 hits, 0 errors, 1 left on base; Colorado Springs 1 - Las Vegas 7
TOP OF THE 9TH
Colorado Springs Sky Sox batting - Pitching for Las Vegas Aviators : LHP Raúl Martínez
Batting: RHB Everson Pereira 0-0: Called Strike
0-1: Ball
1-1: Ball
2-1: Foul Ball, location: 9LDF
2-2: Strikes out swinging
Batting: LHB Daniel Cabrera 0-0: Ball
1-0: Ball
2-0: Swinging Strike
2-1: Ball
3-1: Called Strike
3-2: Ground out 5-3 (Groundball, 5, EV 89.4 MPH)
Batting: RHB Osiris Johnson 0-0: Called Strike
0-1: Called Strike
0-2: Ball
1-2: Ground out 6-3 (Groundball, 6S, EV 81.9 MPH)
Top of the 9th over - 0 runs, 0 hits, 0 errors, 0 left on base; Colorado Springs 1 - Las Vegas 7
Wednesday, May 15th , 2024 - OOTP Baseball 24.11 Build 85